 Dungeon Crawl Stone Soup version 0.31-a0-441-g867994ef1c (webtiles) character file.

Game seed: 17001694609548720114

1258 LeprechaunX the Changeling (level 8, 0/52 HPs)
             Began as an Octopode Shapeshifter on Aug 2, 2023.
             Was a Priest of Makhleb.
             Slain by a gnoll
             ... wielding a +0 club
             ... led by a gnoll bouda
              (8 damage)
             ... on level 7 of the Dungeon.
             The game lasted 00:06:04 (4960 turns).

LeprechaunX the Changeling (Octopode Shapeshifter)  Turns: 4960, Time: 00:06:05

Health: 0/52       AC:  1    Str: 16    XL:     8   Next: 51%
Magic:  19/22      EV:  7    Int: 11    God:    Makhleb [***...]
Gold:   227        SH:  0    Dex: 12    Spells: 9/13 levels left

rFire   + .          .
                       - Unarmed
rCold   . . .        (no shield)
rNeg    . . .        (helmet currently unavailable)
rPois   .            r - amulet of the acrobat
rElec   .            u - ring of magical power
rCorr   .            v - ring of see invisible
SInv    +            y - ring of protection from fire
Will    .....        (no ring)
Stlth   ++           (no ring)
HPRegen 0.28/turn    (no ring)
MPRegen 0.18/turn    (no ring)
                     (no ring)

%: acrobat
@: beast-form, very slightly contaminated, held
A: beast (slay +3), almost no armour, amphibious, 8 rings, camouflage 1,
gelatinous body 1, (nimble swimmer 1), tentacles
a: Begin Untransformation, Renounce Religion, Minor Destruction, Lesser Servant
of Makhleb


You were on level 7 of the Dungeon.
You worshipped Makhleb.
Makhleb was most pleased with you.
You were a hulking beast.
You visited 1 branch of the dungeon, and saw 7 of its levels.

You collected 227 gold pieces.

Inventory:

Missiles
 n - 6 javelins
Jewellery
 r - an amulet of the acrobat (around mantle)
 u - a ring of magical power (left tentacle)
 v - a ring of see invisible (right tentacle)
 y - a ring of protection from fire (on tentacle)
Talismans
 b - a beast talisman (active)
Wands
 x - a wand of polymorph (10)
Scrolls
 c - 2 scrolls of vulnerability {unknown}
 f - 5 scrolls of identify {unknown}
 g - 2 scrolls of amnesia {unknown}
 h - 2 scrolls of noise {unknown}
 i - a scroll of teleportation {unknown}
 l - 2 scrolls of immolation {unknown}
 p - a scroll of poison {unknown}
 q - a scroll of enchant armour {unknown}
 s - 2 scrolls of fog {unknown}
 t - a scroll of enchant weapon {unknown}
 w - a scroll of revelation {unknown}
 z - a scroll of fear {unknown}
Potions
 a - a potion of invisibility {unknown}
 d - 2 potions of might {unknown}
 e - a potion of curing {unknown}
 j - 2 potions of heal wounds {unknown}
 k - a potion of brilliance {unknown}
 m - 3 potions of enlightenment {unknown}
 o - 2 potions of cancellation {unknown}


   Skills:
 - Level 3.0 Fighting
 - Level 3.0 Dodging
 - Level 5.0 Unarmed Combat
 + Level 3.3 Spellcasting
 - Level 5.0 Invocations
 + Level 5.5 Shapeshifting


You had 9 spell levels left.
You knew the following spells:

 Your Spells              Type           Power      Damage    Failure   Level
a - Wereblood             Tmut           1%         N/A       36%         2
b - Blink                 Tloc           2%         N/A       36%         2

Your spell library contained the following spells:

 Spells                   Type           Power      Damage    Failure   Level
 Summon Small Mammal      Summ           4%         N/A       26%         1
 Lesser Beckoning         Tloc           2%         N/A       36%         2
 Momentum Strike          Conj/Tloc      2%         3d8       36%         2
 Sublimation of Blood     Necr           1%         N/A       36%         2
 Call Canine Familiar     Summ           1%         N/A       58%         3
 Summon Guardian Golem    Hex/Summ       1%         N/A       58%         3
 Summon Hydra             Summ           0%         N/A       100%        7


Dungeon Overview and Level Annotations

Branches:
Dungeon (7/15)             Temple (0/1) D:5

Altars:
Gozag
Makhleb
Uskayaw
Wu Jian

Shops:
D:1 (*=[


Innate Abilities, Weirdness & Mutations

You are a hulking beast.
Your limbs bulge with bestial killing power. (Slay +3)
You cannot wear most types of armour.
You are amphibious.
You can wear up to eight rings at the same time.
Your skin changes colour to match your surroundings (Stealth+).
Your rubbery body absorbs attacks. (AC +1, EV +1)
((You are camouflaged when in or above water. (Stealth+)))
You have tentacles for arms and can constrict up to eight enemies at once.


Message History

You are too injured to fight recklessly!
The gnoll attacks as you move away! The gnoll hits you with a +0 club.
You tentacle-slap the gnoll bouda but do no damage.
Your grab misses the gnoll bouda. Your squeeze misses the gnoll bouda.
The gnoll bouda is lightly wounded.
You tentacle-slap the gnoll bouda. Your grab misses the gnoll bouda.
The gnoll bouda is moderately wounded.
You tentacle-slap the gnoll bouda but do no damage.
You grab the gnoll bouda.
You squeeze the gnoll bouda, but do no damage.
The gnoll bouda is moderately wounded.
You constrict the gnoll bouda. The gnoll bouda closely misses you.
You tentacle-slap the gnoll bouda.
The gnoll bouda is heavily wounded.
You constrict the gnoll bouda, but do no damage.
The gnoll bouda hits you with a +0 whip!
You tentacle-slap the gnoll bouda.
You tentacle-slap the gnoll bouda, but do no damage.
You squeeze the gnoll bouda.
The gnoll bouda is almost dead.
You constrict the gnoll bouda.
The gnoll bouda hits you with a +0 whip!
* * * LOW HITPOINT WARNING * * *
You tentacle-slap the gnoll bouda but do no damage.
The gnoll bouda is almost dead.
Your attacks no longer feel as feeble.
You constrict the gnoll bouda.
You kill the gnoll bouda!
Makhleb accepts your kill.
You feel better.
The gnoll throws a throwing net.
The throwing net hits you.
You become entangled in the net!
Unknown command.
Cast which spell? (? or * to list)
You don't know that spell.
Cast which spell? (? or * to list)
You miscast Wereblood.
You are very lightly contaminated with residual magic.
Nothing appears to happen.
You struggle against the net.
The gnoll hits you with a +0 club!
You die...

#.# #)# #######
#.########.....#
#............#.#####
#.########.......... #
#.# #.#.#.#####.##
##.########.#...........
..............))........
.......##.#.#.##h######
..........#.#.##g#
............#...).......
..#.####..#.#.#...###...
....# .. ........
....### #...#.!.##
....... # ......# .....#
.. ##..# ....### ##.
#..#


You could see a gnoll (swift).

Vanquished Creatures
  A water moccasin (D:5)
  A sky beast (D:4)
  A centaur (D:6)
  2 phantoms
  Blork the orc (D:4)
  4 scorpions
  A hound (D:5)
  2 gnoll boudas (D:7)
  4 iguanas
  2 orc wizards (D:6)
  8 adders
  11 gnolls
  A shadow imp (D:6)
  4 dart slugs
  3 worms
  5 orcs
  3 bats
  7 giant cockroaches
  9 goblins
  6 hobgoblins
  15 jackals
  4 kobolds
  7 quokkas
  7 ball pythons
  3 frilled lizards
  6 rats
118 creatures vanquished.

Notes
Turn   | Place    | Note
-------+----------+-------------------------------------------
     0 | D:1      | LeprechaunX the Octopode Shapeshifter began the quest for
                  | the Orb.
     0 | D:1      | Reached XP level 1. HP: 13/13 MP: 1/1
    53 | D:1      | Found Daomam's Jewellery Emporium.
    81 | D:1      | Found a faded altar of an unknown god.
   115 | D:1      | Prayed at the altar of an unknown god.
   115 | D:1      | Became a worshipper of Makhleb the Destroyer
   115 | D:1      | Reached * piety under Makhleb
   154 | D:1      | Found Usuweu Vautz's Assorted Antiques.
   341 | D:1      | Reached XP level 2. HP: 13/18 MP: 2/2
   448 | D:1      | Found Derek's Antique Armour Emporium.
   607 | D:1      | Found Qaumui's Weapon Boutique.
   992 | D:2      | Reached XP level 3. HP: 23/23 MP: 3/3
  1052 | D:2      | Reached ** piety under Makhleb
  1485 | D:3      | Reached XP level 4. HP: 22/29 MP: 4/4
  1542 | D:3      | Reached skill level 1 in Invocations
  2009 | D:4      | Reached XP level 5. HP: 34/34 MP: 5/5
  2235 | D:4      | Noticed a phantom
  2249 | D:4      | Killed a phantom
  2250 | D:4      | Reached XP level 6. HP: 34/40 MP: 7/7
  2350 | D:4      | Learned a level 2 spell: Wereblood
  2444 | D:4      | Noticed a sky beast
  2454 | D:4      | HP: 1/41 [something (6)]
  2459 | D:4      | Killed a sky beast
  2460 | D:4      | Reached skill level 5 in Unarmed Combat
  2669 | D:4      | Reached *** piety under Makhleb
  2774 | D:4      | Noticed Blork the orc
  2778 | D:4      | Killed Blork the orc
  2879 | D:4      | Reached XP level 7. HP: 46/46 MP: 9/9
  3130 | D:4      | Found an opulent altar of Gozag.
  3136 | D:4      | Found a hide-covered altar of Uskayaw.
  3139 | D:4      | Found an ornate altar of the Wu Jian Council.
  3338 | D:5      | Entered Level 5 of the Dungeon
  3340 | D:5      | Found a staircase to the Ecumenical Temple.
  3539 | D:5      | Learned a level 2 spell: Blink
  3770 | D:5      | Reached skill level 1 in Spellcasting
  3932 | D:6      | Identified the +1 spear of Certain Death {freeze, rElec
                  | rPois rF-}
  3954 | D:6      | Reached XP level 8. HP: 41/52 MP: 11/11
  4140 | D:6      | Reached skill level 5 in Shapeshifting
  4291 | D:6      | Reached skill level 5 in Invocations
  4960 | D:7      | Slain by a gnoll

Illustrated notes

Levels and vault maps discovered:
D:1:      erik_arrival_triangle_medium, layout_basic, serial_shops,
          nicolae_shop_tiny_statue_garden, shop_statue, nicolae_shop_crystal,
          nicolae_shop_waterfront, chequers_ecumenical_altar_simple_redux
D:2:      layout_basic
D:3:      layout_rooms
D:4:      layout_cave_pods, minmay_overflow_temple_star_quad, uniq_blork_the_orc
D:5:      wad_pebble_path, layout_cave_pools, minmay_temple_entry_butterflies
D:6:      layout_basic, chequers_serial_rivers_large_a
D:7:      nicolae_cairo_tiling_large_dashed, layout_basic

Skill      XL: |  1  2  3  4  5  6  7  8 |
---------------+-------------------------+-----
Unarmed Combat | 4 5 |  5.0
Invocations    | 1 3 4 5 |  5.0
Fighting       | 2 3 |  3.0
Dodging        | 3 |  3.0
Shapeshifting  | 4 5 |  5.5
Spellcasting   | 1 3 |  3.3

Action                     |  1- 3 |  4- 6 |  7- 9 || total
---------------------------+-------+-------+-------++-------
  Melee: Unarmed           |    80 |    87 |    92 ||   259
         Constrict         |    21 |    25 |    26 ||    72
         Tentacles         |    13 |    19 |    23 ||    55
         Punch             |     2 |     4 |     3 ||     9
  Throw: Javelin           |       |    11 |       ||    11
    Use: Potion            |       |     1 |       ||     1
   Stab: Sleeping          |     8 |     2 |     3 ||    13
 Armour: Skin              |    10 |     7 |     1 ||    18
  Dodge: Dodged            |    55 |    59 |    56 ||   170

Table legend: (Time is in decaauts)
 A = Elapsed time spent in this place.
 B = Non-inter-level travel time spent in this place.
 C = Inter-level travel time spent in this place.
 D = Time resting spent in this place.
 E = Time spent auto-exploring this place.
 F = Levels seen in this place.
 G = Mean time per level.
                   A        B        C        D        E       F      G
               +--------+--------+--------+--------+--------+-----+--------+
         Total |   4942 |   4736 |    206 |    192 |   3859 |   7 |  706.0 |
       Dungeon |   4942 |   4736 |    206 |    192 |   3859 |   7 |  706.0 |
               +--------+--------+--------+--------+--------+-----+--------+

Top non-repeatable levels by time:
     D:4: 1351 daAuts
     D:1: 972 daAuts
     D:6: 927 daAuts
     D:3: 507 daAuts
     D:2: 498 daAuts
     D:5: 491 daAuts
     D:7: 194 daAuts
